Map: Thunderbird LE

Players

GLShoon - Winner!

  • Race: Zerg Zerg
  • League: Master
  • Spawn Location: 5:00

Mez

  • Race: Terran Terran
  • League: Master
  • Spawn Location: 11:00

VOD

Have the link to the VOD?

Description

Time

  • Played on: Aug. 21, 2019, 8:29 p.m.
  • Length: 5:08
Show
View Real Time Build Order
Export as new Build Order

GLShoon Zerg - Winner!

Build Orders: Hatch First 

Get SALT Encoding   

  12  0:01  Drone  
  13  0:16  Overlord  
  13  0:19  Drone  
  14  0:35  Drone x2  
  16  0:41  Drone  
  17  0:54  Drone  
  17  0:56  Hatchery  
  17  1:00  Drone  
  18  1:08  Extractor  
  17  1:15  Spawning Pool  
  17  1:16  Drone  
  17  1:21  Drone  
  18  1:32  Drone  
  19  1:43  Drone  
  20  2:02  Queen  
  22  2:10  Queen, Hatchery  
  22  2:12  Zergling x4  
  25  2:20  Overlord  
  25  2:23  Drone x2  
  27  2:40  Lair  
  26  2:53  Queen  
  28  3:00  Roach Warren, Drone x3  
  28  3:03  Drone  
  31  3:07  Drone  
  31  3:11  Overlord  
  32  3:18  Overlord  
  32  3:34  Queen  
  32  3:35  Queen  
  32  3:37  Overseer  
  36  3:43  Roach x2  
  36  3:45  Roach  
  42  3:57  Nydus Network  
  42  3:59  Extractor  
  40  4:07  Roach  
  42  4:12  Zergling x10  
  42  4:13  Zergling x2  
  48  4:21  Zergling x2  
  49  4:31  Overlord  
  49  4:34  Overlord  
  49  4:45  Nydus Canal  
  49  4:49  Overlord x2  
Show
View Real Time Build Order
Export as new Build Order

Mez Terran 

Build Orders: Liberator Opening, Reaper Expand 

Get SALT Encoding   

  12  0:00  SCV  
  13  0:13  SCV  
  14  0:17  Supply Depot  
  14  0:25  SCV  
  15  0:38  SCV  
  15  0:39  Barracks  
  16  0:44  Refinery  
  16  0:50  SCV  
  17  1:02  SCV  
  18  1:15  SCV  
  19  1:27  Orbital Command, Reaper  
  20  1:40  Command Center  
  20  1:47  Supply Depot  
  20  1:53  SCV  
  21  1:59  Marine  
  22  2:05  SCV  
  23  2:11  Factory  
  23  2:15  Refinery  
  23  2:17  SCV  
  23  2:21  Barracks Reactor  
  24  2:29  SCV  
  25  2:42  SCV  
  26  2:54  SCV  
  26  2:57  Starport  
  27  3:03  Orbital Command  
  27  3:06  SCV  
  27  3:08  Hellion x2, Barracks Tech Lab  
  32  3:18  SCV  
  33  3:29  Liberator  
  33  3:30  Marine, SCV x2, Hellion x2  
  40  3:40  Supply Depot  
  40  3:47  SCV x2  
  45  3:48  Marine  
  46  4:01  SCV x2, Hellion x2  
  52  4:13  SCV x2  
  52  4:14  Supply Depot  
  54  4:25  Command Center  
  54  4:31  Supply Depot  
  54  4:36  Marine, SCV  
  54  4:37  SCV  
  57  4:41  Starport Reactor  
  57  4:46  Barracks  
  57  4:47  Barracks  
  57  4:48  SCV  
  57  4:49  SCV  
  57  4:50  Supply Depot  
  57  4:51  Factory Reactor  
  59  4:55  Supply Depot  
Tags
 
Add a new tag
Caveats
  • Supply blocks, unpowered buildings, or Contaminate may cause inaccurate times.
  • Supply counts are checked every 10 seconds.